 Dungeon Crawl Stone Soup version 0.14.0-26-g1682e81 (webtiles) character file.

53514 Heini the Severer (level 14, -4/135 HPs)
             Began as a Hill Orc Fighter on Apr 26, 2014.
             Was a High Priest of Okawaru.
             Killed from afar by a starcursed mass (9 damage)
             ... with an accursed screaming
             ... on Level 1 of the Abyss on Apr 27, 2014.
             The game lasted 02:29:26 (23735 turns).

Heini the Severer (Hill Orc Fighter)               Turns: 23735, Time: 02:29:27

HP  -4/135       AC 35     Str 24      XL: 14   Next: 55%
MP  18/18        EV  5     Int  8      God: Okawaru [*****.]
Gold 2925        SH 19     Dex 10      Spells:  0 memorised, 13 levels left

rFire  + + .     SeeInvis +     t - +1,+2 war axe (elec)
rCold  . . .     Clarity  .     f - +8 plate armour of Shiepn {rElec SInv}
rNeg   . . .     Conserve +     Z - +0 shield {AC+3}
rPois  +         rCorr    .     E - +0 helmet
rElec  +         rRot     .     l - +1 cloak
SustAb . .       Spirit   .     e - +0 pair of gloves
rMut   .         Warding  .     z - +1 pair of boots {run}
Saprov + . .     Rnd*Tele +     V - amulet of conservation
MR     +....                    C - ring "Khihewuu" {+/*Tele +Rage rPois rF+ Dam+4 Stlth-}
                                y - ring of protection from fire

@: quick, somewhat resistant to hostile enchantments, extremely unstealthy
A: saprovore 1
a: Heroism, Finesse, Renounce Religion, Evoke Berserk Rage, Evoke Teleportation


You were on level 1 of the Abyss.
You worshipped Okawaru.
Okawaru was extremely pleased with you.
You were hungry.

You visited 4 branches of the dungeon, and saw 22 of its levels.
You visited the Abyss 2 times.
You also visited: Ossuary, Bailey and Ice Cave.

You collected 3069 gold pieces.
You spent 144 gold pieces at shops.

Inventory:

Hand weapons
 i - a -1,+1 flail
 m - a +0,+0 battleaxe
 t - a +1,+2 war axe of electrocution (weapon)
Armour
 e - a +0 pair of gloves (worn)
 f - the +8 plate armour of Shiepn (worn) {rElec SInv}
   (Okawaru gifted it to you on level 1 of the Lair of Beasts)

   It insulates you from electricity.
   It enhances your eyesight.
 l - a +1 cloak (worn)
 z - a +1 pair of boots of running (worn)
 E - a +0 helmet (worn)
 Z - a +0 shield of protection (worn)
Magical devices
 b - a wand of disintegration (12)
 L - a wand of teleportation (3)
 U - a wand of confusion (8)
Comestibles
 d - 9 meat rations
 o - 11 bread rations
 q - an apple
 D - 13 honeycombs
 K - an orange
 M - 17 sultanas
 R - 8 slices of pizza
Scrolls
 g - a scroll of identify
 k - a scroll of enchant weapon II
 p - a scroll of magic mapping
 v - 6 scrolls of teleportation
 A - 3 scrolls of remove curse
 F - a scroll of blinking
 J - 5 scrolls of recharging
 W - a scroll of enchant armour
Jewellery
 h - a cursed amulet of resist corrosion
 r - an uncursed ring of wizardry
 u - an uncursed amulet of clarity
 w - an uncursed ring of positive energy
 y - a ring of protection from fire (left hand)
 B - an uncursed ring of ice
 C - the ring "Khihewuu" (right hand) {+/*Tele +Rage rPois rF+ Dam+4 Stlth-}
   (You found it on level 3 of the Lair of Beasts)

   [ring of teleportation]

   It affects your damage with ranged weapons and melee attacks (+4).
   It protects you from fire.
   It protects you from poison.
   It lets you go berserk.
   It makes you much less stealthy.
 G - an uncursed ring of protection from fire
 O - an uncursed amulet of clarity
 V - an amulet of conservation (around neck)
 Y - an uncursed amulet of guardian spirit
Potions
 a - 2 potions of brilliance
 c - a potion of might
 j - a potion of magic
 n - a potion of degeneration {unknown}
 s - a potion of heal wounds
 x - a potion of berserk rage
 H - 3 potions of flight
 I - a potion of agility
 P - 4 potions of curing
 Q - 3 potions of haste
 T - a potion of restore abilities


   Skills:
 * Level 15.0 Fighting
 * Level 20.6 Axes
 + Level 1.6 Maces & Flails
 * Level 13.7 Armour
 - Level 3.4 Shields
 + Level 1.0 Invocations
 + Level 2.0 Evocations


You had 13 spell levels left.
You didn't know any spells.

Dungeon Overview and Level Annotations

Branches:
Dungeon (14/15)            Temple (1/1) D:7             Orc (4/4) D:9
    Elf (0/3) Orc:4          Lair (3/8) D:10         Vaults (0/5) D:14
  Swamp: Lair:3-6    Shoals: Lair:3-6     Snake: Lair:3-6    Spider: Lair:3-6

Altars:
Ashenzari
Cheibriados
Dithmenos
Elyvilon
Fedhas
Kikubaaqudgha
Makhleb
Nemelex Xobeh
Okawaru
Sif Muna
Trog
Vehumet
Xom
Yredelemnul
Zin
The Shining One
Beogh

Shops:
D:14 [   Orc:2 *   Orc:4 ([:}

Annotations:
D:12 Josephine
D:14 exclusion: Roxanne, Louise, Roxanne


Innate Abilities, Weirdness & Mutations

You can tolerate rotten meat.


Message History

* * * LOW HITPOINT WARNING * * *
You block the ufetubus' attack.
The ufetubus hits you but does no damage.
The ufetubus disappears in a puff of smoke!
A starcursed mass splits.
The starspawn tentacle grabs you. The starspawn tentacle constricts you.
You escape the starspawn tentacle's grasp.
A tentacle flies out from the starspawn's body!
A deafening chorus of shrieks assaults your mind!
* * * LOW HITPOINT WARNING * * *
A starcursed mass splits.
A deafening chorus of shrieks assaults your mind!
* * * LOW HITPOINT WARNING * * *
You suddenly lose the ability to move!
A starcursed mass splits.
You can move again.
You slice the starcursed mass!!
There is a sudden explosion of sparks!
You destroy the starcursed mass!
A deafening chorus of shrieks assaults your mind!
You die...

.
###..#..........#
# . .#
.....##5..#..# ยง
#. ##..55##..#...
#..5X#3#...#..
#.....5##..#
#...X5X..##.#
##.##XXXX....#
........X.####..#
#.. ...#.@#
#..#..#.###
...### #..# #.


You could see 7 starcursed masses, a tentacled starspawn, a ynoxinul and 5
ufetubi.

Vanquished Creatures
  An orc warlord (Orc:4)
  The ghost of Yermak the Thaumaturge, a powerful CeFE of Fedhas (D:11)
  2 vault guards (D:14)
  Fannar (D:12)
  A hydra (D:11)
  A ravenous feature mimic (Abyss:1)
  A centaur warrior (D:10)
  2 thrashing horrors (Abyss:1)
  A slime creature (D:12)
  The ghost of Heini the Cleaver, an experienced HOFi (D:7)
  The ghost of 5ubbak the Frost Mage, a powerful VSIE of Vehumet (D:11)
  The ghost of chipmonk the Basher, an experienced MiBe of Trog (Bailey)
  A large abomination (Abyss:1)
  2 unseen horrors
  A giant orange brain (Abyss:1)
  2 ice statues (IceCv)
  5 orc knights
  4 orc sorcerers
  2 hill giants
  A wizard (D:9)
  A necromancer (IceCv)
  A manticore (D:11)
  Maurice (D:10)
  A worldbinder (Abyss:1)
  2 black mambas (Lair:2)
  A dire elephant skeleton (Abyss:1)
  3 gargoyles
  A spiny frog (Lair:3)
  An efreet (D:13)
  A fire drake (Lair:1)
  A hellwing (Orc:4)
  Grinder (D:5)
  A queen bee (Lair:1)
  9 blue devils (IceCv)
  A freezing wraith (D:9)
  2 komodo dragons (Lair:1)
  6 trolls
  Prince Ribbit (D:6)
  12 blink frogs
  A boulder beetle (D:14)
  2 basilisks
  A fire dragon skeleton (D:13)
  2 sharks (Lair:1)
  Eustachio (D:5)
  10 ugly things
  An elephant slug (Lair:3)
  2 hungry ghosts
  A deep elf fighter (D:10)
  5 hippogriffs
  A steam dragon (D:7)
  11 yaks (Lair:1)
  A hill giant skeleton (D:8)
  3 water moccasins
  5 wolves (Lair:1)
  3 wargs (Orc:4)
  A neqoxec (Abyss:1)
  Menkaure (D:5)
  4 necrophages (Lair:3)
  A soldier ant (D:14)
  A small abomination (Abyss:1)
  11 ice beasts
  A porcupine (Lair:2)
  7 ogres
  A giant goldfish (Lair:1)
  4 sky beasts
  A black bear (D:9)
  9 starcursed masses (Abyss:1)
  2 phantoms (D:4)
  4 centaurs
  41 orc warriors
  Sigmund (D:3)
  Duvessa (D:4)
  2 big kobolds
  A brain worm (D:14)
  A crocodile (D:14)
  5 giant slugs
  An elf zombie (Ossuary)
  16 giant frogs
  A giant slug zombie (D:13)
  4 scorpions
  32 killer bees
  3 wights (D:11)
  An eye of draining (D:13)
  Dowan (D:4)
  5 crimson imps
  5 goliath beetles
  2 quasits
  25 orc priests
  A basilisk zombie (D:11)
  2 giant frog skeletons (D:5)
  2 human zombies (Ossuary)
  6 two-headed ogre zombies (D:13)
  A draconian simulacrum (IceCv)
  5 hounds
  A jelly (D:9)
  2 centaur skeletons
  7 iguanas
  28 orc wizards
  Natasha (D:6)
  6 worker ants
  2 troll simulacra (IceCv)
  Jessica (D:3)
  A big kobold zombie (Ossuary)
  A sky beast zombie (D:10)
  Terence (D:2)
  3 mummies
  2 naga simulacra (IceCv)
  5 ogre simulacra (IceCv)
  18 green rats
  5 gnolls
  11 adders
  A white imp (D:5)
  2 shadow imps
  2 giant mites
  An inept item mimic (D:6)
  6 worms
  4 ufetubi
  10 orc skeletons
  2 giant eyeballs
  11 giant geckos
  2 oozes
  199 orcs
  3 ball pythons
  A bat skeleton (D:4)
  3 bat zombies (D:4)
  9 giant cockroaches
  3 gnoll zombies (Ossuary)
  19 goblins
  18 hobgoblins
  15 jackals
  34 kobolds
  13 quokkas
  12 bats
  2 giant gecko skeletons
  10 giant newts
  A giant spore (D:11)
  2 goblin skeletons (D:4)
  2 goblin zombies (Ossuary)
  2 hobgoblin zombies (Ossuary)
  A jackal skeleton (D:5)
  A kobold zombie (D:8)
  3 orc zombies (Ossuary)
  17 rats
  A rat skeleton (D:4)
  3 rat zombies (D:4)
  6 ballistomycetes
  3 fungi
  7 plants
868 creatures vanquished.

Vanquished Creatures (others)
  2 giant spores
  A kobold (D:8)
  2 ballistomycetes (D:14)
  6 starspawn tentacles (Abyss:1)
  244 starspawn tentacle segments (Abyss:1)
255 creatures vanquished.

Grand Total: 1123 creatures vanquished

Notes
Turn   | Place    | Note
--------------------------------------------------------------
     0 | D:1      | Heini, the Hill Orc Fighter, began the quest for the Orb.
     0 | D:1      | Reached XP level 1. HP: 19/19 MP: 1/1
   200 | D:2      | Reached XP level 2. HP: 8/27 MP: 2/2
   560 | D:2      | Reached skill level 4 in Fighting
   560 | D:2      | Reached XP level 3. HP: 24/33 MP: 3/3
   652 | D:2      | Noticed Terence
   668 | D:2      | Killed Terence
  1138 | D:2      | Reached XP level 4. HP: 40/40 MP: 4/4
  1359 | D:2      | Found a shimmering altar of Xom.
  2024 | D:1      | You fall through a shaft!
  2410 | D:3      | Reached skill level 5 in Armour
  2479 | D:3      | Noticed Jessica
  2497 | D:3      | Killed Jessica
  2497 | D:3      | Reached XP level 5. HP: 36/47 MP: 5/5
  2773 | D:3      | Noticed Sigmund
  2787 | D:3      | Killed Sigmund
  2906 | D:3      | Found a white marble altar of Elyvilon.
  3415 | D:4      | Reached XP level 6. HP: 47/55 MP: 6/6
  3551 | D:4      | Found an ancient bone altar of Kikubaaqudgha.
  3580 | D:4      | Reached skill level 5 in Axes
  3610 | D:4      | Reached skill level 5 in Fighting
  3623 | D:4      | Noticed a phantom
  3653 | D:4      | Killed a phantom
  3676 | D:4      | Reached skill level 6 in Armour
  3677 | D:4      | Reached XP level 7. HP: 40/61 MP: 7/7
  3860 | D:4      | Noticed Duvessa
  3861 | D:4      | Noticed Dowan
  3861 | D:4      | Noticed a phantom
  3888 | D:4      | Killed Duvessa
  3924 | D:4      | Killed a phantom
  3925 | D:4      | Killed Dowan
  4253 | D:5      | Entered Level 5 of the Dungeon
  4303 | D:5      | Reached skill level 7 in Axes
  4428 | D:5      | Noticed Eustachio
  4472 | D:5      | Killed Eustachio
  4472 | D:5      | Reached XP level 8. HP: 42/70 MP: 8/8
  4616 | D:5      | Noticed Grinder
  4636 | D:5      | Reached skill level 8 in Axes
  4648 | D:5      | Killed Grinder
  4911 | D:5      | Reached skill level 9 in Axes
  5005 | D:5      | Noticed Menkaure
  5020 | D:5      | Killed Menkaure
  5543 | D:6      | Reached XP level 9. HP: 59/79 MP: 9/9
  5759 | D:6      | Noticed Natasha
  5765 | D:6      | Killed Natasha
  5765 | D:6      | Reached skill level 10 in Axes
  5805 | D:6      | Noticed Prince Ribbit
  5822 | D:6      | Killed Prince Ribbit
  5860 | D:6      | Found a shadowy altar of Dithmenos.
  6310 | D:7      | Noticed Heini's ghost (experienced HOFi)
  6497 | D:7      | Found a staircase to the Ecumenical Temple.
  6505 | D:7      | Found a sand-covered staircase.
  6515 | Ossuary  | Entered an ossuary
  6659 | D:7      | Found a shattered altar of Ashenzari.
  6684 | D:7      | Killed Heini's ghost
  6684 | D:7      | Reached skill level 11 in Axes
  6863 | D:7      | Found a radiant altar of Vehumet.
  7256 | D:8      | Reached XP level 10. HP: 68/90 MP: 10/10
  7319 | D:8      | Reached skill level 12 in Axes
  7594 | D:8      | Paralysed by a giant eyeball for 4 turns
  7736 | Temple   | Entered the Ecumenical Temple
  7783 | Temple   | Became a worshipper of Warmaster Okawaru
  7874 | D:8      | HP: 1/91 [killer bee (7)]
  7879 | D:8      | HP: 1/91 [killer bee (7)]
  8462 | D:9      | Acquired Okawaru's first power
  8510 | D:9      | Reached skill level 13 in Axes
  8510 | D:9      | Reached skill level 10 in Armour
  8761 | D:9      | Reached skill level 10 in Fighting
  8987 | D:9      | Noticed a hill giant
  9023 | D:9      | Killed a hill giant
  9195 | D:9      | Reached XP level 11. HP: 99/101 MP: 11/11
  9330 | D:9      | Reached skill level 14 in Axes
  9379 | D:9      | Paralysed by a giant eyeball for 3 turns
  9396 | D:9      | Noticed a wizard
  9404 | D:9      | Killed a wizard
  9548 | D:9      | Found a staircase to the Orcish Mines.
  9606 | D:10     | Entered Level 10 of the Dungeon
  9618 | D:10     | Reached skill level 1 in Evocations
  9629 | D:10     | Noticed Maurice
  9682 | D:10     | Killed Maurice
  9832 | D:10     | Noticed a centaur warrior
  9842 | D:10     | Killed a centaur warrior
  9893 | D:10     | Killed an unseen horror
 10128 | D:10     | Reached skill level 15 in Axes
 10298 | D:10     | Found a staircase to the Lair.
 10303 | Lair:1   | Entered Level 1 of the Lair of Beasts
 11155 | Lair:1   | Acquired Okawaru's second power
 11442 | Lair:1   | Received a gift from Okawaru
 11442 | Lair:1   | Reached XP level 12. HP: 79/110 MP: 15/15
 11474 | Lair:1   | Got a jasper-encrusted plate armour {god gift}
 11494 | Lair:1   | Identified the +8 plate armour of Shiepn {rElec SInv} (Okawaru gifted it to you on level 1 of the Lair of Beasts)
 11697 | Lair:1   | Reached skill level 16 in Axes
 11756 | Lair:1   | Noticed a six-headed hydra
 11897 | Orc:1    | Entered Level 1 of the Orcish Mines
 12018 | Orc:1    | Found a radiant altar of Vehumet.
 12585 | Orc:3    | Found a frozen archway.
 12594 | IceCv    | Entered an ice cave
 13836 | IceCv    | Reached skill level 17 in Axes
 14395 | Orc:3    | Found a burning altar of Makhleb.
 15008 | Orc:2    | Found Susut's Assorted Antiques.
 15037 | Orc:2    | Bought a pair of embroidered boots for 144 gold pieces
 15173 | Orc:4    | Entered Level 4 of the Orcish Mines
 15266 | Orc:4    | Found a roughly hewn altar of Beogh.
 15461 | Orc:4    | Found a staircase to the Elven Halls.
 15602 | Orc:4    | Found a roughly hewn altar of Beogh.
 15614 | Orc:4    | Found Eduolafo's Gadget Shop.
 15688 | Orc:4    | Reached XP level 13. HP: 107/122 MP: 16/16
 15937 | Orc:4    | Found a roughly hewn altar of Beogh.
 15937 | Orc:4    | Found Zaneuvy's Book Boutique.
 15951 | Orc:4    | Reached skill level 18 in Axes
 16036 | Orc:4    | Found a roughly hewn altar of Beogh.
 16104 | Orc:4    | Noticed an orc warlord
 16108 | Orc:4    | Received a gift from Okawaru
 16495 | Orc:4    | Found a roughly hewn altar of Beogh.
 16678 | Orc:4    | Found a roughly hewn altar of Beogh.
 16804 | Orc:4    | Killed an orc warlord
 16817 | Orc:4    | Found Twoadgh's Antique Weapon Emporium.
 16817 | Orc:4    | Found a roughly hewn altar of Beogh.
 16822 | Orc:4    | Found Tiusch's Antique Armour Shoppe.
 16957 | Orc:4    | Identified a +1 pair of boots of running (Okawaru gifted it to you on level 4 of the Orcish Mines)
 18539 | Lair:1   | Reached skill level 1 in Maces & Flails
 19129 | Lair:2   | Identified Lehudib's Grimoire of Fiery Conjuration
 19463 | Lair:3   | Reached skill level 19 in Axes
 19565 | Lair:3   | Got a glittering brass ring
 19566 | Lair:3   | Identified the ring "Khihewuu" {+/*Tele +Rage rPois rF+ Dam+4 Stlth-} (You found it on level 3 of the Lair of Beasts)
 19934 | D:11     | Noticed Yermak's ghost (powerful CeFE)
 19947 | D:11     | Killed Yermak's ghost
 20214 | D:11     | Noticed 5ubbak's ghost (powerful VSIE)
 20257 | D:11     | Received a gift from Okawaru
 20424 | D:11     | Killed 5ubbak's ghost
 20913 | D:12     | Noticed Fannar
 20934 | D:12     | Killed Fannar
 20934 | D:12     | Reached XP level 14. HP: 75/132 MP: 18/18
 20974 | D:12     | Noticed Josephine
 21405 | D:13     | Reached skill level 20 in Axes
 21494 | D:13     | Found a flagged portal.
 21505 | Bailey   | Entered a bailey
 21534 | Bailey   | Noticed chipmonk's ghost (experienced MiBe)
 21585 | Bailey   | Killed chipmonk's ghost
 22452 | D:14     | Reached skill level 1 in Invocations
 22464 | D:14     | Found Obboliw's Antique Armour Emporium.
 22590 | D:14     | Found a gate to the Vaults.
 22623 | D:14     | Noticed Roxanne
 22934 | D:14     | Noticed Louise
 22941 | D:14     | Cast into the Abyss (Louise)
 23160 | Abyss:1  | Found a corrupted altar of Lugonu.
 23572 | D:14     | Escaped the Abyss
 23595 | D:14     | Cast into the Abyss (Louise)
 23636 | Abyss:1  | Paralysed by accursed screaming for 1 turns
 23644 | Abyss:1  | Reached skill level 15 in Fighting
 23654 | Abyss:1  | Noticed a black draconian shifter
 23702 | Abyss:1  | Noticed a tentacled starspawn
 23733 | Abyss:1  | HP: 4/135 [starcursed mass/accursed screaming (16)]
 23733 | Abyss:1  | Paralysed by accursed screaming for 1 turns
 23735 | Abyss:1  | Killed from afar by a starcursed mass

Action                   |  1- 3 |  4- 6 |  7- 9 | 10-12 | 13-15 || total
-------------------------+-------+-------+-------+-------+-------++-------
Melee: War axe           |    94 |   270 |   419 |   885 |   987 ||  2655
       Flail             |       |       |       |       |    36 ||    36
Invok: Heroism           |       |       |       |       |     6 ||     6
 Abil: Evoke Teleportati |       |       |       |       |     1 ||     1
Evoke: Wand              |       |       |       |     8 |     4 ||    12
  Use: Potion            |     1 |     1 |     6 |     4 |     2 ||    14
       Scroll            |       |     9 |     1 |    11 |    17 ||    38
